 Seeded DCSS version 0.31-a0-881-ge136f0c47a (webtiles) character file.

Game seed: 12955029474198264122 (custom seed)

287520 GigaChad the Severer (level 21, 100/100 (116) HPs) *EXPLORE*
             Began as a Kobold Fighter on Oct 13, 2023.
             Was an Initiate of Gozag.
             Quit the game on level 15 of the Dungeon on Oct 16, 2023.
             The game lasted 01:27:23 (54542 turns).

GigaChad the Severer (Kobold Fighter)              Turns: 54542, Time: 01:27:23

HP:   100/100 (116) AC: 33    Str:  3 (21) XL:     21   Next: 98%
MP:   21/21         EV: -8    Int:  5 (13) God:    Gozag
Gold: 3652          SH: 16    Dex: 20 (22) Spells: 20/20 levels left

rFire   . . .        X - +2 war axe (heavy)
rCold   + . .        c - +3 kite shield
rNeg    . . .        B - +8 orange crystal plate armour {Archmagi, Int+3 Clar}
rPois   +            F - +2 hat {SInv}
rElec   .            U - +2 cloak {Stlth+}
rCorr   +            S - +1 pair of gloves
SInv    +            e - +0 pair of boots of the Spheres {rC+}
Will    +....        (no amulet)
Stlth   +            W - ring of Giwkaq {rCorr Dex+5 Slay+2}
HPRegen 0.36/turn    R - ring of Biren {rPois EV+5 Slay+2}
MPRegen 0.17/turn

%: clarity, archmagi
@: slowed, lost intelligence, studying Maces & Flails, heavily drained, unable
to read, very slow
A: small, no large weapons, nightstalker 3, deformed body, deterioration 1
}: 1/15 runes: decaying
a: Renounce Religion, Potion Petition, Call Merchant, Bribe Branch


You were on level 15 of the Dungeon.
You worshipped Gozag.
Gozag was most pleased with you.
You visited 6 branches of the dungeon, and saw 29 of its levels.
You visited the Abyss 2 times.
You also visited: Ossuary.

You collected 13757 gold pieces.
You spent 9401 gold pieces at shops.
You paid 704 gold pieces to Gozag.

Inventory:

Hand Weapons
 P - a +6 war axe of venom
 X - a +2 heavy war axe (weapon)
Armour
 c - a +3 kite shield (worn)
 e - the +0 pair of boots of the Spheres (worn) {rC+}
   (You found it on level 15 of the Dungeon)

   rC+:       It protects you from cold.
 B - the +8 orange crystal plate armour (worn) {Archmagi, Int+3 Clar}
   (You bought it in a shop on level 15 of the Dungeon)

   Int+3:     It affects your intelligence (+3).
   Clar:      It protects you from confusion, rage, mesmerisation and fear.
 F - a +2 hat of see invisible (worn)
 S - a +1 pair of gloves (worn)
 U - a +2 cloak of stealth (worn)
Jewellery
 q - the ring "Wastots" {rPois Stlth+}
   (You acquired it on level 4 of the Dungeon)

   [ring of poison resistance]

   rPois:     It protects you from poison Stlth+: It makes you more stealthy.
 r - the ring "Qodeuz" {AC+4 Str+5}
   (You found it on level 15 of the Dungeon)

   [ring of protection]

   AC+4:      It affects your AC (+4).
   Str+5:     It affects your strength (+5).
 D - a ring of positive energy
 L - the ring "Nextuvuo" {Ice Dex+5}
   (You found it on level 15 of the Dungeon)

   [ring of ice]

   Ice:       It enhances your ice magic.
   Dex+5:     It affects your dexterity (+5).
   rF-:       It makes you vulnerable to fire.
   rC+:       It protects you from cold.
 R - the ring of Biren (right hand) {rPois EV+5 Slay+2}
   (You found it on level 10 of the Dungeon)

   [ring of evasion]

   EV+5:      It affects your evasion (+5).
   Slay+2:    It affects your accuracy & damage with ranged weapons and melee
   (+2).
   rPois:     It protects you from poison
 T - the amulet "Ganucso" {RegenMP Rampage rPois Str+3 Int-5}
   (You bought it in a shop on level 1 of the Depths)

   [amulet of magic regeneration]

   RegenMP:   It increases your rate of magic regeneration.
   Str+3:     It affects your strength (+3).
   Int-5:     It affects your intelligence (-5).
   rPois:     It protects you from poison Rampage: It bestows one free step when
   moving towards enemies.
 W - the ring of Giwkaq (left hand) {rCorr Dex+5 Slay+2}
   (You found it on level 15 of the Dungeon)

   [ring of resist corrosion]

   Dex+5:     It affects your dexterity (+5).
   Slay+2:    It affects your accuracy & damage with ranged weapons and melee
   (+2).
   rCorr:     It protects you from acid and corrosion.
 Y - a +6 ring of strength
Talismans
 a - a blade talisman
 t - a flux talisman
 y - a beast talisman
 V - a blade talisman
 Z - a storm talisman
Wands
 n - a wand of flame (85)
 o - a wand of digging (6)
 w - a wand of mindburst (18)
 E - a wand of iceblast (28)
 G - a wand of light (1)
Scrolls
 g - 22 scrolls of teleportation
 i - 7 scrolls of blinking
 j - 8 scrolls of fog
 l - 13 scrolls of identify
 x - 4 scrolls of immolation
 z - 4 scrolls of fear
 C - 5 scrolls of revelation
 J - 2 scrolls of butterflies
 Q - 5 scrolls of amnesia
Potions
 b - 5 potions of mutation
 d - 7 potions of might
 f - a potion of enlightenment
 h - 4 potions of lignification
 k - 6 potions of attraction
 m - 4 potions of degeneration
 p - 12 potions of curing
 s - 2 potions of berserk rage
 v - a potion of ambrosia
 A - 3 potions of cancellation
 I - 2 potions of brilliance
 M - 5 potions of haste
 N - 2 potions of magic
 O - 7 potions of heal wounds
Miscellaneous
 u - a phantom mirror


   Skills:
 * Level 15.9 Fighting
 * Level 16.6 Axes
 * Level 13.0 Armour
 * Level 13.6 Dodging
 * Level 16.0 Stealth
 * Level 11.8 Shields
 * Level 10.3 Shapeshifting


You had 20 spell levels left.
You didn't know any spells.
Your spell library contained the following spells:

 Spells                   Type           Power      Damage    Failure   Level
 Apportation              Tloc           0%         N/A       100%        1
 Freeze                   Ice            0%         1d3       100%        1
 Sandblast                Erth           0%         2d4       100%        1
 Summon Small Mammal      Summ           0%         N/A       100%        1
 Blink                    Tloc           0%         N/A       100%        2
 Ensorcelled Hibernation  Hex/Ice        0%         N/A       100%        2
 Jinxbite                 Hex            0%         N/A       100%        2
 Lesser Beckoning         Tloc           0%         N/A       100%        2
 Momentum Strike          Conj/Tloc      0%         3d8       100%        2
 Passwall                 Tmut/Erth      0%         N/A       100%        2
 Poisonous Vapours        Pois/Air       0%         N/A       100%        2
 Scorch                   Fire           0%         2d5       100%        2
 Sublimation of Blood     Necr           0%         N/A       100%        2
 Wereblood                Tmut           0%         N/A       100%        2
 Call Canine Familiar     Summ           0%         N/A       100%        3
 Dazzling Flash           Conj/Hex       0%         N/A       100%        3
 Gell's Gravitas          Tloc           0%         N/A       100%        3
 Hailstorm                Conj/Ice       0%         3d3       100%        3
 Ignite Poison            Fire/Tmut/Pois 0%         N/A       100%        3
 Inner Flame              Hex/Fire       0%         N/A       100%        3
 Mephitic Cloud           Conj/Pois/Air  0%         N/A       100%        3
 Stone Arrow              Conj/Erth      0%         3d7       100%        3
 Summon Guardian Golem    Hex/Summ       0%         N/A       100%        3
 Teleport Other           Tloc           0%         N/A       100%        3
 Volatile Blastmotes      Fire/Tloc      0%         2d10      100%        3
 Anguish                  Hex/Necr       0%         N/A       100%        4
 Animate Armour           Summ/Erth      0%         N/A       100%        4
 Brom's Barrelling Bould  Conj/Erth      0%         2d3       100%        4
 Manifold Assault         Tloc           0%         N/A       100%        4
 Sticky Flame             Conj/Fire      0%         2d3       100%        4
 Summon Ice Beast         Ice/Summ       0%         N/A       100%        4
 Summon Lightning Spire   Summ/Air       0%         N/A       100%        4
 Vhi's Electric Charge    Tloc/Air       0%         N/A       100%        4
 Alistair's Intoxication  Tmut/Pois      0%         N/A       100%        5
 Arcjolt                  Conj/Air       0%         1d10      100%        5
 Fireball                 Conj/Fire      0%         3d3       100%        5
 Freezing Cloud           Conj/Ice/Air   0%         6-21      100%        5
 Lee's Rapid Deconstruct  Erth           0%         3d4*      100%        5
 Summon Forest            Summ/Tloc      0%         N/A       100%        5
 Summon Mana Viper        Hex/Summ       0%         N/A       100%        5
 Yara's Violent Unravell  Hex/Tmut       0%         3d3       100%        5
 Plasma Beam              Fire/Air       0%         2x1d10    100%        6
 Starburst                Conj/Fire      0%         6d3       100%        6
 Summon Cactus Giant      Summ           0%         N/A       100%        6
 Enfeeble                 Hex            0%         N/A       100%        7
 Haunt                    Necr/Summ      0%         N/A       100%        7
 Orb of Destruction       Conj           0%         9d5       100%        7
 Ozocubu's Refrigeration  Ice            0%         4d7       100%        7
 Spellforged Servitor     Conj/Summ      0%         N/A       100%        7
 Summon Hydra             Summ           0%         N/A       100%        7
 Ignition                 Fire           0%         3d3       100%        8
 Infestation              Necr           0%         N/A       100%        8
 Lehudib's Crystal Spear  Conj/Erth      0%         10d2      100%        8
 Maxwell's Capacitive Co  Air            0%         ∞         100%        8
 Polar Vortex             Ice            0%         N/A       100%        9
 Animate Dead             Necr           Unusable   N/A       N/A         4
 Simulacrum               Ice/Necr       Unusable   N/A       N/A         6

Dungeon Overview and Level Annotations

Branches:
Dungeon (15/15)            Temple (0/1) D:6            Lair (5/5) D:10
  Swamp (4/4) Lair:2       Spider (0/4) Lair:2        Slime (0/5) Lair:5
    Orc (2/2) D:12            Elf (0/3) Orc:2        Vaults (1/5) D:13
 Depths (2/4) D:15 Zot: 837 Ossuary (visited)

Altars:
Ashenzari
Cheibriados
Fedhas
Gozag
Hepliaklqana
Wu Jian
Zin
The Shining One

Shops:
D:2 *   D:10 (((   D:12 [(((   D:15 [(!   Orc:1 :   Orc:2 !(:![   Lair:2 (
Depths:1 =:=

Portals:
Hell: Depths:1 Depths:2
Pandemonium: Depths:2

Annotations:
D:15 1 transporter
Lair:5 2 transporters, Ehotes's ghost, journeyman SpEn


Innate Abilities, Weirdness & Mutations

You are small and have problems with some larger weapons.
You are completely attuned to the shadows.
Armour fits poorly on your strangely shaped body.
Your body sometimes deteriorates upon taking damage.


Message History

You block the ogre's attack.
Things that are here:
254 gold pieces; a +1 heavy dire flail You slice the ogre!!
You kill the ogre!
You now have 3398 gold pieces (gained 20).
You see here a +0 giant club.
You see here a +0 giant club.
You now have 3652 gold pieces (gained 254).
You see here a +1 heavy dire flail.
There is a stone staircase leading down here.
You climb downwards.
There is a stone staircase leading up here.
There is a stone staircase leading up here.
You can't go down here!
There is a stone staircase leading down here.
You climb downwards.
Level annotation: 1 transporter
There is a stone staircase leading up here.
There is an escape hatch in the ceiling here.
There is an open door here.
There is an open door here.
HP restored.
There is a staircase to the Depths here.
You have just 837 turns in the Depths to find a new floor before Zot consumes you.
Okay, then.
There is an open door here.
There is an open door, spattered with blood here.
Things that are here:
a +0 ring mail; a +0 battleaxe You see here 2 large rocks.
You see here 2 large rocks.
There is an open door, spattered with blood here.
Things that are here:
a +0 ring mail; a +0 battleaxe You start removing your amulet.
You continue taking off the amulet "Ganucso" {RegenMP Rampage rPois Str+3 Int-5}. x4
You finish taking off the amulet "Ganucso" {RegenMP Rampage rPois Str+3 Int-5}.
You no longer feel able to rampage towards enemies.
Are you sure you want to abandon this character and quit the game? (Confirm with "yes".)

#..=...##...........##.....
#...##+#.......#.....#'##..
##..#.....#.............#."
##)'...........#.......'.#
#####......#............###
#................#.......##
##...^.#.....#........#.....
###.....#[...........#...#....
#............@..#.............
##.~≈~........................~
##..~~~.#........#'#'#.......#.≈
##...~~.#........##[[.##.......#.
##.....#.....#'###.....###+#....#
#.....#.....##...#.....#...##....
............+....##[=.##...([....
...#.....#'##...=###∩###....#....
..#.....##..###.⌠#######.?###'#..


There were no monsters in sight!

Vanquished Creatures
  Vv (Depths:2)
  2 bone dragons
  A profane servitor (Abyss:3)
  2 tentacled monstrosities
  Jorgrun (D:13)
  A lich (Depths:2)
  2 sphinxes (D:15)
  An Executioner (Abyss:3)
  7 tentacled starspawn
  A thorn hunter (Swamp:4)
  Gastronok (Orc:1)
  An azure jelly (Swamp:4)
  A fenstrider witch (Swamp:4)
  3 frost giants
  2 fire giants (Depths:2)
  A deep elf elementalist (Abyss:3)
  An iron dragon (Depths:1)
  An angel (Abyss:1)
  A caustic shrike zombie (Depths:2)
  A caustic shrike skeleton (Depths:1)
  12 very ugly things
  9 stone giants
  4 vampire knights (Depths:2)
  5 eleionomae
  A green draconian (Abyss:3)
  A spark wasp (Depths:2)
  Azrael (D:15)
  4 bunyips
  2 eidola (Abyss:3)
  A merfolk javelineer (Depths:1)
  2 crystal guardians (D:13)
  A merfolk impaler (Depths:1)
  A shambling mangrove (Swamp:2)
  12 fire dragons
  7 ettins
  3 jiangshi (Depths:1)
  3 great orbs of eyes
  7 rakshasas
  Erolcha (Orc:1)
  8 vault guards
  2 catoblepae (Lair:5)
  11 ice dragons
  Fannar (Lair:3)
  Harold (D:9)
  A hell beast (Depths:1)
  3 spriggan air magi (Depths:2)
  9 hydras
  A ghost crab (Swamp:4)
  2 death knights
  An ogre mage (D:15)
  7 centaur warriors
  5 boulder beetles
  9 deep troll shamans
  7 two-headed ogres
  8 alligators
  2 vampire magi
  A demonic crawler (Abyss:3)
  A hell hog (Depths:1)
  9 tengu warriors
  6 death yaks (Lair:5)
  5 deep troll earth magi
  3 thrashing horrors
  Urug (Orc:1)
  2 soul eaters
  8 large abominations
  A hell knight (Depths:2)
  3 orc high priests (Orc:2)
  A skyshark (Lair:5)
  A sun demon (Depths:2)
  3 spriggan berserkers
  A fire crab (shapeshifter) (D:15)
  A wretched star (Abyss:3)
  4 iron trolls
  Lodul (D:13)
  9 skeletal warriors
  A shadow demon (Depths:2)
  3 spriggan druids
  A swamp dragon (shapeshifter) (Depths:2)
  9 deep trolls
  3 goliath frogs
  5 swamp dragons
  A flayed ghost (Depths:2)
  An orange crystal statue (D:13)
  2 bog bodies (Swamp:2)
  A wizard (Depths:2)
  3 glowing orange brains (Depths:2)
  3 lindwurms
  A wolf spider zombie (D:15)
  7 orc knights
  37 ugly things
  A frost giant zombie (Depths:2)
  3 deep elf pyromancers
  3 necromancers
  7 cyclopes
  2 will-o-the-wisps
  A fire giant zombie (Depths:1)
  7 orc sorcerers
  A worldbinder (Abyss:3)
  3 wolf spiders (D:15)
  An oklob plant (D:10)
  3 manticores
  24 elephants
  2 rust devils
  3 centaur zombies (D:15)
  2 fire giant skeletons (Depths:2)
  4 black mambas
  Joseph (D:7)
  A dire elephant zombie (Abyss:3)
  2 smoke demons (Abyss:3)
  2 orange demons (Depths:2)
  11 cane toads
  A gargoyle (D:13)
  2 kobold demonologists (D:13)
  5 rime drakes
  A komodo dragon (shapeshifter) (D:13)
  8 komodo dragons
  6 freezing wraiths
  5 efreet
  2 ancient zymes
  2 ice devils (Depths:2)
  3 tengu conjurers
  6 tyrant leeches
  3 trolls
  A hellwing (Depths:2)
  A queen bee (Lair:4)
  4 meliai
  2 polar bears
  9 hornets
  6 raiju
  A spriggan zombie (Depths:1)
  A harpy skeleton (Abyss:1)
  19 blink frogs
  An ettin zombie (Depths:1)
  12 flying skulls
  A centaur simulacrum (D:15)
  12 slime creatures
  A ynoxinul (Abyss:3)
  9 spriggans
  4 water elementals (Depths:1)
  5 shadows
  A vampire (D:11)
  A yak (shapeshifter) (D:15)
  4 wyverns
  4 fire elementals (D:15)
  A fire bat (Abyss:3)
  62 yaks
  6 wraiths
  5 basilisks
  4 neqoxecs
  A redback (shapeshifter) (D:15)
  11 vampire mosquitoes
  A steam dragon (Lair:4)
  6 swamp worm simulacra (Swamp:4)
  5 chaos spawn
  2 wargs
  14 swamp worms
  A naga (shapeshifter) (D:14)
  14 hydra simulacra (Swamp:4)
  A hell hound (D:15)
  2 acid dragons
  20 water moccasins
  4 floating eyes
  3 small abominations
  18 orc warriors
  2 ice beasts
  6 black bears
  15 wolves
  9 ogres
  The ghost of ninjaread99 the Conjurer, an amateur DrCj (D:3)
  13 centaurs
  4 kobold brigands
  A phantom (D:4)
  A gnoll sergeant (D:9)
  9 bullfrogs
  3 scorpions
  An earth elemental (Swamp:3)
  14 wights
  39 killer bees
  2 electric eels (Lair:4)
  9 howler monkeys
  2 lava snakes (Lair:5)
  A quasit (Abyss:3)
  13 orc priests
  5 jellies (Lair:5)
  12 starcursed masses (Abyss:3)
  2 gnoll boudas
  5 hounds
  A sleepcap (D:4)
  Jessica (D:2)
  3 iguanas
  19 orc wizards
  13 mummies (Ossuary)
  22 gnolls
  3 adders
  3 shadow imps
  17 white imps
  7 ufetubi
  2 swamp drake simulacra (Swamp:4)
  4 worms
  4 dart slugs
  45 orcs
  5 ball pythons
  4 bats (D:1)
  4 endoplasms
  16 giant cockroaches
  6 goblins
  8 hobgoblins
  4 jackals (D:2)
  4 quokkas
  2 frilled lizards
  2 gnoll skeletons (Ossuary)
  2 goblin skeletons (Ossuary)
  19 kobolds
  A kobold skeleton (Ossuary)
  3 orc skeletons (Ossuary)
  6 rats
  11 rat skeletons (Ossuary)
  7 starspawn tentacles
1151 creatures vanquished.

Vanquished Creatures (others)
  Asterion (Depths:1)
  2 rakshasas (Depths:2)
  3 bloated husks
  A killer bee (Lair:4)
  20 foxfires
  7 starspawn tentacles
34 creatures vanquished.

Grand Total: 1185 creatures vanquished

Notes
Turn   | Place    | Note
-------+----------+-------------------------------------------
     0 | D:1      | GigaChad the Kobold Fighter began the quest for the Orb.
     0 | D:1      | Reached XP level 1. HP: 14/14 MP: 1/1
     0 | D:1      | Entered explore mode.
   161 | D:1      | Reached XP level 2. HP: 13/19 MP: 2/2
   463 | D:1      | Reached XP level 3. HP: 22/23 MP: 3/3
  1322 | D:2      | Found Coixoc's Assorted Antiques.
  1423 | D:2      | Reached XP level 4. HP: 28/28 MP: 4/4
  1781 | D:2      | Noticed Jessica
  1787 | D:2      | Killed Jessica
  1788 | D:2      | Reached skill level 1 in Stealth
  2086 | D:3      | Found a runed translucent door.
  2099 | D:3      | Noticed ninjaread99's ghost (amateur DrCj)
  2114 | D:3      | HP: 1/29 [ninjaread99's ghost/magic dart (4)]
  2114 | D:3      | Killed from afar by ninjaread99's ghost (3 damage)
                  | ... with a magic dart
  2128 | D:3      | Killed from afar by ninjaread99's ghost (9 damage)
                  | ... with a magic dart
  2146 | D:3      | HP: 1/29 [ninjaread99's ghost (3)]
  2146 | D:3      | Slain by ninjaread99's ghost (2 damage)
  2149 | D:3      | Killed ninjaread99's ghost
  2150 | D:3      | Reached skill level 1 in Dodging
  2150 | D:3      | Reached XP level 5. HP: 20/33 MP: 5/5
  2660 | D:3      | Found an opulent altar of Gozag.
  2664 | D:3      | Became a worshipper of Gozag Ym Sagoz the Greedy
  2865 | D:4      | Noticed a black bear
  2872 | D:4      | Killed a black bear
  2873 | D:4      | Reached XP level 6. HP: 22/38 MP: 6/6
  3040 | D:4      | Noticed an ogre
  3046 | D:4      | Mangled by an ogre
                  | ... wielding a +0 giant club
                  | (31 damage)
  3054 | D:4      | Slain by an ogre
                  | ... wielding a +0 giant club
                  | (14 damage)
  3055 | D:4      | Killed an ogre
  3056 | D:4      | Reached XP level 7. HP: 43/43 MP: 7/7
  3142 | D:4      | Reached skill level 1 in Shapeshifting
  3719 | D:4      | Identified a scroll of acquirement
  3719 | D:4      | Acquired the ring "Wastots" {rPois Stlth+}
  4055 | D:4      | Found a snail-covered altar of Cheibriados.
  4255 | D:5      | Entered Level 5 of the Dungeon
  4271 | D:5      | Reached XP level 8. HP: 37/48 MP: 8/8
  4901 | D:5      | Mangled by an ogre
                  | ... wielding a +0 giant club
                  | (13 damage)
  4903 | D:5      | Reached skill level 5 in Axes
  4941 | D:5      | Reached skill level 5 in Fighting
  5544 | D:6      | Found a staircase to the Ecumenical Temple.
  5644 | D:6      | Found an ornate altar of the Wu Jian Council.
  5687 | D:6      | Slain by a gnoll
                  | ... wielding a +0 halberd
                  | ... led by a gnoll bouda
                  | (9 damage)
  5690 | D:6      | Reached XP level 9. HP: 43/54 MP: 9/9
  5856 | D:6      | Found a glowing golden altar of the Shining One.
  7145 | D:7      | Noticed Joseph
  7159 | D:7      | HP: 2/54 [Joseph/+0 quarterstaff (8)]
  7159 | D:7      | Mangled by Joseph
                  | ... wielding a +0 quarterstaff
                  | (11 damage)
  7165 | D:7      | Slain by Joseph
                  | ... wielding a +0 quarterstaff
                  | (13 damage)
  7168 | D:7      | Killed Joseph
  7441 | D:8      | Reached skill level 5 in Stealth
  7628 | D:8      | Found a sand-covered staircase.
  7908 | Ossuary  | Entered an ossuary
  8699 | D:8      | Found a hazy altar of Hepliaklqana.
  8699 | D:8      | Found a blossoming altar of Fedhas.
  8711 | D:8      | Reached XP level 10. HP: 39/60 MP: 10/10
  8972 | D:8      | Reached skill level 5 in Armour
  9499 | D:9      | HP: 2/61 [water moccasin (2)]
  9499 | D:9      | Mangled by an acid dragon (11 damage)
  9940 | D:9      | Noticed Harold
  9953 | D:9      | Killed Harold
  9959 | D:9      | HP: 2/61 [killer bee (4)]
  9959 | D:9      | Slain by a wight
                  | ... wielding a +0 flail
                  | (4 damage)
  9964 | D:9      | Slain by a wight
                  | ... wielding a +4 mace
                  | (7 damage)
  9966 | D:9      | Reached skill level 5 in Dodging
 10832 | D:10     | Entered Level 10 of the Dungeon
 10843 | D:10     | Noticed a two-headed ogre
 10849 | D:10     | Killed a two-headed ogre
 10850 | D:10     | Reached XP level 11. HP: 25/67 MP: 11/11
 11082 | D:10     | Found Pikkeg's Weapon Shop.
 11114 | D:10     | Slain by a wight
                  | ... wielding a +1 scimitar
                  | (9 damage)
 11119 | D:10     | HP: 3/67 [wight/+3 scimitar (10)]
 11120 | D:10     | Mangled by a wight
                  | ... wielding a +3 scimitar
                  | (10 damage)
 11166 | D:10     | Identified the ring of Biren {rPois EV+5 Slay+2}
 11173 | D:10     | Found a staircase to the Lair.
 11175 | D:10     | Noticed an oklob plant
 11205 | D:10     | Killed an oklob plant
 11543 | D:10     | Noticed a two-headed ogre
 11549 | D:10     | Killed a two-headed ogre
 11836 | D:10     | Slain by a yak (9 damage)
 11909 | D:10     | Found Rigrec's Antique Weapon Emporium.
 11932 | D:10     | Found a glowing silver altar of Zin.
 11985 | D:10     | Found Uden's Weapon Shoppe.
 12567 | D:11     | Noticed a two-headed ogre
 12573 | D:11     | Killed a two-headed ogre
 12574 | D:11     | Reached skill level 5 in Shields
 12696 | D:11     | Killed by vampiric draining
                  | ... invoked by a vampire
                  | (13 damage)
 12864 | D:11     | Noticed a two-headed ogre
 12870 | D:11     | HP: 3/68 [two-headed ogre/+0 giant club (5)]
 12871 | D:11     | HP: 1/68 [two-headed ogre/+0 giant club (3)]
 12871 | D:11     | Slain by a two-headed ogre
                  | ... wielding a +0 giant club
                  | (5 damage)
 12875 | D:11     | Killed a two-headed ogre
 12876 | D:11     | Reached XP level 12. HP: 70/73 MP: 12/12
 13675 | D:12     | You fall into a shaft and drop 1 floor!
 13681 | D:13     | Noticed a centaur warrior
 13729 | D:12     | Found a staircase to the Orcish Mines.
 14365 | Lair:1   | Entered Level 1 of the Lair of Beasts
 14403 | Lair:1   | Reached skill level 10 in Axes
 14409 | Lair:1   | Mangled by a yak (10 damage)
 14616 | Lair:1   | Reached skill level 5 in Shapeshifting
 16114 | Lair:2   | Reached XP level 13. HP: 39/80 MP: 13/13
 16437 | Lair:2   | Found a hole to the Spider Nest.
 16572 | Lair:2   | Found a staircase to the Swamp.
 18384 | Lair:3   | You fall into a shaft and drop 2 floors!
 18384 | Lair:5   | Entered Level 5 of the Lair of Beasts
 18397 | Lair:5   | Demolished by a skyshark (21 damage)
 18402 | Lair:5   | Slain by a skyshark (19 damage)
 18454 | Lair:5   | Noticed an eight-headed hydra
 18812 | Lair:4   | Noticed a seven-headed hydra
 18820 | Lair:4   | HP: 2/82 [ten-headed hydra (4)]
 18821 | Lair:4   | Mangled by an 11-headed hydra (10 damage)
 18824 | Lair:4   | Mangled by a 14-headed hydra (8 damage)
 18826 | Lair:4   | Slain by a 16-headed hydra (8 damage)
 18829 | Lair:4   | Slain by a 19-headed hydra (5 damage)
 18831 | Lair:4   | HP: 1/82 [20-headed hydra (6)]
 18831 | Lair:4   | Slain by a 20-headed hydra (3 damage)
 18840 | Lair:4   | Slain by a 20-headed hydra (8 damage)
 18842 | Lair:4   | HP: 4/82 [20-headed hydra (5)]
 18843 | Lair:4   | Killed a 19-headed hydra
 19407 | Lair:3   | Noticed Fannar
 19424 | Lair:3   | Killed from afar by Fannar (24 damage)
                  | ... with a bolt of cold
 19427 | Lair:3   | Killed Fannar
 19549 | Lair:3   | Reached skill level 10 in Fighting
 19551 | Lair:3   | HP: 4/82 [poisoned by a cane toad]
 20167 | Lair:4   | Reached skill level 10 in Stealth
 20170 | Lair:4   | HP: 3/82 [water moccasin (6)]
 20171 | Lair:4   | Killed from afar by a lindwurm (27 damage)
                  | ... with a blast of flame
 20180 | Lair:4   | HP: 4/82 [meliai/divine providence (11)]
 20181 | Lair:4   | Killed by divine providence
                  | ... invoked by a meliai
                  | (12 damage)
 20189 | Lair:4   | Reached XP level 14. HP: 55/88 MP: 14/14
 20196 | Lair:4   | HP: 1/88 [meliai/+0 war axe (4)]
 20196 | Lair:4   | Slain by a basilisk (1 damage)
                  | ... while petrified by a basilisk
 20205 | Lair:4   | Slain by a meliai
                  | ... wielding a +0 war axe
                  | (8 damage)
 20246 | Lair:4   | Slain by a meliai
                  | ... wielding a +0 war axe
                  | (7 damage)
 20442 | Lair:4   | HP: 3/88 [ten-headed hydra (6)]
 20442 | Lair:4   | HP: 1/88 [ten-headed hydra (2)]
 20442 | Lair:4   | Mangled by a ten-headed hydra (9 damage)
 20446 | Lair:4   | Slain by a 14-headed hydra (13 damage)
 20451 | Lair:4   | Mangled by an 18-headed hydra (12 damage)
 20452 | Lair:4   | HP: 2/88 [19-headed hydra (6)]
 20452 | Lair:4   | Mangled by a 19-headed hydra (9 damage)
 20456 | Lair:4   | Slain by a 19-headed hydra (6 damage)
 20878 | Lair:4   | Slain by an elephant (12 damage)
 21627 | Lair:5   | Slain by a wyvern (10 damage)
 21829 | Lair:5   | Slain by a catoblepas (8 damage)
 22138 | Lair:5   | Slain by a death yak (9 damage)
 22147 | Lair:5   | Slain by a death yak (8 damage)
                  | ... while petrified by a catoblepas
 22158 | Lair:5   | Slain by a death yak (10 damage)
                  | ... while petrified by a catoblepas
 22165 | Lair:5   | HP: 2/88 [death yak (21)]
 22168 | Lair:5   | Mangled by a death yak (10 damage)
 22180 | Lair:5   | Slain by a death yak (16 damage)
 22260 | Lair:5   | HP: 4/88 [12-headed hydra (1)]
 22261 | Lair:5   | Mangled by a 13-headed hydra (8 damage)
 22264 | Lair:5   | Slain by a 15-headed hydra (8 damage)
 22271 | Lair:5   | HP: 3/88 [20-headed hydra (10)]
 22271 | Lair:5   | HP: 1/88 [20-headed hydra (1)]
 22271 | Lair:5   | Slain by a 20-headed hydra (1 damage)
 22273 | Lair:5   | Slain by a 20-headed hydra (8 damage)
 22276 | Lair:5   | HP: 1/88 [19-headed hydra (4)]
 22276 | Lair:5   | Slain by a 19-headed hydra (4 damage)
 22280 | Lair:5   | Slain by a 19-headed hydra (8 damage)
 22674 | Lair:5   | Slain by a yak (10 damage)
 22676 | Lair:5   | Reached XP level 15. HP: 94/94 MP: 15/15
 22776 | Lair:5   | Found a staircase to the Slime Pits.
 23109 | Lair:5   | Found a transporter.
 23130 | Lair:5   | Found a transporter.
 23134 | Lair:5   | Noticed Ehotes's ghost (journeyman SpEn)
 23970 | D:12     | Found Xurpheh's Antique Weapon Boutique.
 23987 | D:12     | Found Miasocapn's Antique Weapon Shoppe.
 24198 | D:12     | Found Qolapem's Antique Weapon Boutique.
 24394 | D:12     | Found Fuex's Armour Boutique.
 25238 | Orc:1    | Entered Level 1 of the Orcish Mines
 25442 | Orc:1    | Noticed Erolcha
 25443 | Orc:1    | Noticed Gastronok
 25455 | Orc:1    | Killed Gastronok
 25458 | Abyss:1  | Cast into level 1 of the Abyss (Erolcha)
 25509 | Abyss:1  | HP: 4/95 [thrashing horror (2)]
 25510 | Abyss:1  | Slain by a thrashing horror (5 damage)
 25600 | Abyss:1  | Noticed a tentacled starspawn
 25606 | Abyss:1  | Killed a tentacled starspawn
 25640 | Abyss:1  | Noticed an angel
 25644 | Abyss:1  | Slain by an angel
                  | ... wielding a +1 whip of holy wrath
                  | (20 damage)
 25670 | Abyss:1  | Slain by an angel
                  | ... wielding a +1 whip of holy wrath
                  | (6 damage)
 25690 | Abyss:1  | HP: 3/95 [small abomination (7)]
 25692 | Abyss:1  | Mangled by an angel
                  | ... wielding a +1 whip of holy wrath
                  | (15 damage)
 25695 | Abyss:1  | Killed an angel
 25718 | Abyss:1  | Noticed a tentacled starspawn
 25727 | Abyss:1  | Killed a tentacled starspawn
 25809 | Orc:1    | Escaped the Abyss
 25815 | Orc:1    | Killed Erolcha
 25950 | Orc:2    | Entered Level 2 of the Orcish Mines
 26258 | Orc:2    | Found a staircase to the Elven Halls.
 26446 | Orc:2    | Found Cetagot's Distillery.
 26658 | Orc:2    | Reached skill level 10 in Armour
 26667 | Orc:2    | Slain by an orc warrior
                  | ... wielding a +0 long sword
                  | (10 damage)
 26668 | Orc:2    | Paralysed by an orc sorcerer for 5 turns
 26682 | Orc:2    | HP: 1/93 [orc knight/+2 great mace (8)]
 26683 | Orc:2    | Killed from afar by an orc sorcerer (10 damage)
                  | ... with a bolt of negative energy
 26720 | Orc:2    | Found Utzull's Weapon Shop.
 26721 | Orc:2    | Found Tanwus's Distillery.
 26733 | Orc:2    | Found Torphog's Antique Armour Emporium.
 26735 | Orc:2    | Found Zecwiph's Book Shop.
 26738 | Orc:2    | Bought an embroidered cloak for 232 gold pieces
 27051 | Orc:1    | Noticed Urug
 27072 | Orc:1    | Killed Urug
 27378 | Orc:1    | Found Aptesul's Book Emporium.
 27383 | Orc:1    | Bought a manual of Maces & Flails for 1440 gold pieces
 27589 | D:13     | Reached XP level 16. HP: 48/101 MP: 16/16
 27766 | D:13     | Reached skill level 10 in Dodging
 27789 | D:13     | Found a gate to the Vaults.
 27794 | D:13     | HP: 4/101 [vault guard/+0 great sword (15)]
 27802 | D:13     | Mangled by a vault guard
                  | ... wielding a +0 great sword
                  | (10 damage)
 27857 | D:13     | Slain by a 17-headed hydra (7 damage)
 28231 | D:13     | Found a runed translucent door.
 28373 | D:13     | HP: 5/101 [??? (2)]
 28374 | D:13     | Mangled by a freezing wraith (15 damage)
 28382 | D:13     | HP: 5/101 [??? (2)]
 28393 | D:13     | HP: 5/101 [??? (2)]
 28396 | D:13     | HP: 1/101 [wraith (5)]
 28397 | D:13     | Slain by a wraith (5 damage)
 28430 | D:13     | HP: 4/101 [??? (2)]
 28436 | D:13     | HP: 3/101 [??? (1)]
 28438 | D:13     | Mangled by a death knight
                  | ... wielding a +0 broad axe
                  | (16 damage)
 28511 | D:13     | Noticed Jorgrun
 28529 | D:13     | HP: 2/101 [constriction (4)]
 28530 | D:13     | Constricted to death by Jorgrun (3 damage)
 28533 | D:13     | Killed Jorgrun
 28752 | D:13     | HP: 5/101 [??? (3)]
 29189 | D:13     | Killed from afar by a crystal guardian (50 damage)
                  | ... with a crystal bolt
 29203 | D:13     | Slain by a slime creature (14 damage)
 29209 | D:13     | Killed from afar by a crystal guardian (25 damage)
                  | ... with a crystal bolt
 29216 | D:13     | Killed from afar by a crystal guardian (39 damage)
                  | ... with a crystal bolt
 29229 | D:13     | Killed from afar by a crystal guardian (35 damage)
                  | ... with a crystal bolt
 29233 | D:13     | Slain by a crystal guardian (17 damage)
 29353 | D:13     | Identified the +9 flail of Gallantry {venom, Will+}
 29403 | D:13     | Identified the +7 short sword of a Gauntlet {freeze, rCorr
                  | Int-5 Dex+5}
 29701 | D:13     | You fall into a shaft and drop 2 floors!
 29701 | D:15     | Entered Level 15 of the Dungeon
 29882 | D:15     | Paralysed by a floating eye for 4 turns
 29906 | D:15     | Noticed a frost giant
 29920 | D:15     | Killed a frost giant
 30165 | D:15     | Found Ujuumesm's Distillery.
 30587 | D:15     | Identified the ring of Giwkaq {rCorr Dex+5 Slay+2}
 30619 | D:15     | Noticed a sphinx
 30633 | D:15     | Killed a sphinx
 30814 | D:15     | Found a staircase to the Depths.
 30820 | D:15     | Found a transporter.
 30838 | D:15     | Noticed Azrael
 30850 | D:15     | Killed Azrael
 30856 | D:15     | Killed from afar by an efreet (28 damage)
                  | ... with a fireball
 30889 | D:15     | Noticed a sphinx
 30900 | D:15     | Killed a sphinx
 30995 | D:15     | Found Ozoq Ava's Weapon Emporium.
 31125 | D:15     | Identified the ring "Nextuvuo" {Ice Dex+5}
 31319 | D:15     | Reached XP level 17. HP: 103/108 MP: 17/17
 31321 | D:15     | Paralysed by a great orb of eyes for 3 turns
 31557 | D:15     | Killed from afar by a fire dragon (30 damage)
                  | ... with a blast of flame
 31716 | D:15     | Got a quavering book
 31993 | D:15     | Found Miph's Antique Armour Emporium.
 32010 | D:15     | Killed from afar by a fire dragon (35 damage)
                  | ... with a blast of flame
 32022 | D:15     | Identified the ring "Jokacvuo" {Wiz Dex+2}
 32026 | D:15     | Bought the +8 orange crystal plate armour {Archmagi, Int+3
                  | Clar} for 5202 gold pieces
 32026 | D:15     | Found the +8 orange crystal plate armour {Archmagi, Int+3
                  | Clar}
 32483 | D:15     | Identified the +0 pair of boots of the Spheres {rC+}
 32898 | D:15     | Identified the ring "Qodeuz" {AC+4 Str+5}
 33027 | D:14     | HP: 4/108 [19-headed hydra (2)]
 33027 | D:14     | Mangled by a 19-headed hydra (11 damage)
 33168 | D:14     | HP: 1/109 [skeletal warrior/+0 glaive (10)]
 33174 | D:14     | Mangled by a skeletal warrior
                  | ... wielding a +0 glaive
                  | (17 damage)
 33233 | D:14     | Reached skill level 15 in Axes
 34330 | Swamp:1  | Entered Level 1 of the Swamp
 34412 | Swamp:1  | Slain by a 12-headed hydra (10 damage)
                  | ... called by a spriggan druid
 34423 | Swamp:1  | Slain by a goliath frog (9 damage)
                  | ... called by a spriggan druid
 34432 | Swamp:1  | HP: 2/109 [20-headed hydra[a spriggan druid] (6)]
 34433 | Swamp:1  | Slain by a 19-headed hydra (5 damage)
                  | ... called by a spriggan druid
 34439 | Swamp:1  | HP: 5/109 [20-headed hydra[a spriggan druid] (2)]
 34440 | Swamp:1  | Slain by a 20-headed hydra (5 damage)
                  | ... called by a spriggan druid
 35249 | Swamp:1  | Found a broken altar of Ashenzari.
 35336 | Swamp:2  | HP: 4/109 [swamp dragon (3)]
 35336 | Swamp:2  | Slain by a spriggan rider
                  | ... wielding a +0 spear
                  | (4 damage)
 35346 | Swamp:2  | HP: 5/109 [eleionoma (9)]
 35351 | Swamp:2  | HP: 5/109 [spriggan rider/+0 spear (3)]
 35352 | Swamp:2  | Reached XP level 18. HP: 5/115 MP: 18/18
 35361 | Swamp:2  | HP: 4/115 [hornet (4)]
 35402 | Swamp:2  | HP: 2/115 [alligator (16)]
 35402 | Swamp:2  | Slain by an alligator (2 damage)
 35859 | Swamp:2  | Demolished by a tyrant leech (22 damage)
                  | ... called by a spriggan druid
 36605 | Swamp:3  | HP: 4/115 [elephant[a spriggan berserker] (11)]
 36607 | Swamp:3  | Mangled by an elephant (13 damage)
                  | ... summoned by a spriggan berserker
 36619 | Swamp:3  | Mangled by a death yak (34 damage)
                  | ... summoned by a spriggan berserker
 36628 | Swamp:3  | HP: 5/115 [elephant[a spriggan berserker] (2)]
 36629 | Swamp:3  | Mangled by a death yak (18 damage)
                  | ... summoned by a spriggan berserker
 36637 | Swamp:3  | Mangled by a death yak (27 damage)
                  | ... summoned by a spriggan berserker
 37159 | Swamp:3  | Slain by a 14-headed hydra (10 damage)
 37171 | Swamp:3  | HP: 5/116 [19-headed hydra (4)]
 37173 | Swamp:3  | Mangled by a 20-headed hydra (10 damage)
 37591 | Swamp:4  | Entered Level 4 of the Swamp
 37635 | Swamp:4  | HP: 4/116 [thorn hunter (11)]
 37636 | Swamp:4  | Killed from afar by a will-o-the-wisp (7 damage)
                  | ... with a foxfire
 37644 | Swamp:4  | Killed from afar by a will-o-the-wisp (33 damage)
                  | ... with a foxfire
 37727 | Swamp:4  | Paralysed by a fenstrider witch for 4 turns
 37734 | Swamp:4  | Slain by a fenstrider witch (10 damage)
 37741 | Swamp:4  | HP: 3/116 [poisoned by a fenstrider witch]
 37742 | Swamp:4  | Succumbed to a fenstrider witch's poison
 38183 | Swamp:4  | Noticed a tentacled monstrosity
 38196 | Swamp:4  | Killed a tentacled monstrosity
 38881 | Swamp:4  | Slain by an azure jelly (8 damage)
 38909 | Swamp:4  | Got a decaying rune of Zot
 39251 | Depths:1 | Entered Level 1 of the Depths
 39260 | Depths:1 | Noticed Asterion
 39274 | Depths:1 | Killed Asterion
 39283 | Depths:1 | Hit by a javelin thrown by a merfolk javelineer (16 damage)
 39585 | Depths:1 | HP: 4/116 [fire dragon (6)]
 39724 | Depths:1 | HP: 3/116 [deep troll (5)]
 39729 | Depths:1 | Slain by a deep troll (6 damage)
 40123 | Depths:1 | Found Nuineil's Jewellery Boutique.
 40123 | Depths:1 | Found Remyloucw's Jewellery Boutique.
 40124 | Depths:1 | Found Efusoket's Book Emporium.
 40128 | Depths:1 | Bought a storm talisman for 2046 gold pieces
 40138 | Depths:1 | Bought the amulet "Ganucso" {RegenMP Rampage rPois Str+3
                  | Int-5} for 481 gold pieces
 40193 | Depths:1 | Reached XP level 19. HP: 93/121 MP: 19/19
 40194 | Depths:1 | Reached skill level 10 in Shields
 40404 | Depths:1 | Found a gateway to Hell.
 41197 | Depths:2 | Noticed a lich
 41207 | Depths:2 | Killed a lich
 41230 | Depths:2 | Slain by a deep troll (15 damage)
 41293 | Abyss:3  | Cast into level 3 of the Abyss (a wizard)
 41461 | Abyss:3  | Upgraded the game from 0.31-a0-876-gfe8ebadbca to
                  | 0.31-a0-881-ge136f0c47a
 41528 | Abyss:3  | Noticed a bone dragon
 41546 | Abyss:3  | Killed from afar by a starcursed mass (9 damage)
                  | ... with an accursed screaming
 41569 | Abyss:3  | Paralysed by accursed screaming for 1 turns
 41573 | Abyss:3  | Paralysed by accursed screaming for 1 turns
 41574 | Abyss:3  | Killed from afar by a starcursed mass (10 damage)
                  | ... with an accursed screaming
 41585 | Abyss:3  | Paralysed by accursed screaming for 1 turns
 41589 | Abyss:3  | HP: 4/122 [starcursed mass/accursed screaming (8)]
 41590 | Abyss:3  | Slain by a bone dragon (8 damage)
 41608 | Abyss:3  | Killed a bone dragon
 41729 | Abyss:3  | Slain by a large abomination (15 damage)
 41761 | Abyss:3  | HP: 4/123 [freezing wraith (5)]
 41761 | Abyss:3  | Slain by a freezing wraith (4 damage)
 41765 | Abyss:3  | Noticed a profane servitor
 41786 | Abyss:3  | Slain by a profane servitor
                  | ... wielding a +1 whip
                  | (8 damage)
 41816 | Abyss:3  | Killed a profane servitor
 41817 | Abyss:3  | Reached skill level 15 in Stealth
 41856 | Abyss:4  | Noticed a bone dragon
 41865 | Abyss:4  | Mangled by a cyan very ugly thing (24 damage)
 41881 | Abyss:4  | Killed a bone dragon
 41897 | Abyss:4  | Reached skill level 15 in Fighting
 41928 | Abyss:4  | Gained mutation: Armour fits poorly on your strangely
                  | shaped body. [a neqoxec]
 41930 | Abyss:4  | Gained mutation: Your body sometimes deteriorates upon
                  | taking damage. [a neqoxec]
 41977 | Depths:2 | Escaped the Abyss
 41984 | Depths:2 | Reached XP level 20. HP: 58/129 MP: 20/20
 42006 | Depths:2 | Killed from afar by a rakshasa (14 damage)
                  | ... with a lance of force
 42015 | Depths:2 | Killed from afar by a spark wasp (10 damage)
                  | ... with a living lightning
 42278 | Depths:2 | HP: 2/129 [spriggan air mage/the air (33)]
 42302 | Depths:2 | Got a sooty book
 42797 | Depths:2 | Noticed a tentacled monstrosity
 42807 | Depths:2 | Killed a tentacled monstrosity
 42812 | Depths:2 | Slain by a deep troll (9 damage)
 42830 | Depths:2 | HP: 6/129 [deep troll (1)]
 43163 | Depths:2 | Paralysed by a floating eye for 2 turns
 43168 | Depths:2 | Paralysed by a floating eye for 3 turns
 43248 | Depths:2 | Killed from afar by a fire dragon (18 damage)
                  | ... with a blast of flame
 43264 | Depths:2 | Mangled by a vampire knight
                  | ... wielding a +0 great mace
                  | (18 damage)
 43267 | Depths:2 | Paralysed by a vampire knight for 2 turns
 43997 | Depths:2 | Demolished by a frost giant (illusionary)
                  | ... wielding a +2 battleaxe of freezing
                  | (26 damage)
 44027 | Depths:2 | Killed from afar by a rakshasa (26 damage)
                  | ... with a lance of force
 44165 | Depths:2 | Killed from afar by a frost giant (13 damage)
                  | ... with a bolt of cold
 44208 | Depths:2 | Slain by a fire giant
                  | ... wielding a +2 great sword of flaming
                  | (10 damage)
 44343 | Depths:2 | Noticed Vv
 44350 | Depths:2 | Mangled by Vv (42 damage)
 44357 | Depths:2 | HP: 5/130 [Vv (42)]
 44360 | Depths:2 | Slain by Vv (9 damage)
 44365 | Depths:2 | Mangled by Vv (29 damage)
 44374 | Depths:2 | Annihilated by Vv (34 damage)
 44381 | Depths:2 | Killed Vv
 44382 | Depths:2 | Reached skill level 10 in Shapeshifting
 44776 | Depths:2 | HP: 5/130 [acid (4)]
 44777 | Depths:2 | Annihilated by a deep troll earth mage (29 damage)
 44787 | Depths:2 | HP: 5/130 [iron troll (9)]
 44787 | Depths:2 | Mangled by an iron troll (14 damage)
 44792 | Depths:2 | Mangled by a deep troll earth mage (16 damage)
 44794 | Depths:2 | HP: 5/130 [deep troll shaman (7)]
 44794 | Depths:2 | Mangled by a deep troll earth mage (13 damage)
 44798 | Depths:2 | Killed from afar by a fire dragon (34 damage)
                  | ... with a blast of flame
 46934 | Depths:2 | Reached XP level 21. HP: 136/136 MP: 21/21
 47171 | Depths:2 | Paralysed by a floating eye for 4 turns
 47173 | Depths:2 | HP: 3/130 [vampire knight/+0 great mace (22)]
 47173 | Depths:2 | Slain by a vampire knight
                  | ... wielding a +0 great mace
                  | (4 damage)
                  | ... while paralysed by a floating eye
 47178 | Depths:2 | Paralysed by a floating eye for 4 turns
 47183 | Depths:2 | Slain by a vampire knight
                  | ... wielding a +0 great mace
                  | (18 damage)
 47185 | Depths:2 | Paralysed by a floating eye for 2 turns
 47189 | Depths:2 | Paralysed by a vampire knight for 2 turns
 47193 | Depths:2 | Mangled by a vampire knight
                  | ... wielding a +0 great mace
                  | (22 damage)
 47195 | Depths:2 | Paralysed by a floating eye for 2 turns
 47208 | Depths:2 | Slain by a vampire knight
                  | ... wielding a +0 great mace
                  | (18 damage)
 47353 | Depths:2 | Killed from afar by a fire dragon (9 damage)
                  | ... with a blast of flame
 47532 | Depths:2 | Killed from afar by a fire dragon (20 damage)
                  | ... with a blast of flame
 47548 | Depths:2 | Slain by a vampire knight
                  | ... wielding a +2 war axe of flaming
                  | (26 damage)
 47553 | Depths:2 | Paralysed by a vampire knight for 4 turns
 47559 | Depths:2 | Paralysed by a vampire knight for 4 turns
 47909 | Depths:2 | Got a grimy book
 48229 | Depths:2 | HP: 1/128 [fire giant skeleton[a glowing orange brain] (6)]
 48230 | Depths:2 | Mangled by a golden dragon skeleton (7 damage)
                  | ... summoned by a glowing orange brain
 48258 | Depths:2 | Found a one-way gate leading to the halls of Pandemonium.
 48265 | Depths:2 | Paralysed by a floating eye for 4 turns
 48270 | Depths:2 | Mangled by a cyan very ugly thing (25 damage)
                  | ... summoned by a shadow demon
 48274 | Depths:2 | Paralysed by a floating eye for 4 turns
 48279 | Depths:2 | Paralysed by a floating eye for 3 turns
 48282 | Depths:2 | Mangled by a cyan very ugly thing (20 damage)
                  | ... summoned by a shadow demon
 48855 | Depths:2 | HP: 6/132 [fire dragon (12)]
 48858 | Depths:2 | Slain by a fire dragon (8 damage)
 49286 | Depths:2 | HP: 4/135 [hell knight/bolt of fire (6)]
 49287 | Depths:2 | Killed from afar by a fire dragon (6 damage)
                  | ... with a blast of flame
 49294 | Depths:2 | HP: 3/122 [hell knight/+3 scimitar of draining (16)]
 49294 | Depths:2 | Slain by a hell knight
                  | ... wielding a +3 scimitar of draining
                  | (3 damage)
 49298 | Depths:2 | Killed from afar by a hell knight (32 damage)
                  | ... with a bolt of fire
 50722 | Depths:1 | Glimpsed the power of Zot.
 51460 | Depths:1 | Glimpsed the power of Zot.
 51860 | Depths:1 | Glimpsed the power of Zot.
 51960 | Depths:1 | Touched by the power of Zot (MHP 113 -> 88)
 51961 | Depths:1 | Glimpsed the power of Zot.
 53039 | Vaults:1 | Entered Level 1 of the Vaults
 53119 | Vaults:1 | Lost intelligence.
 54415 | D:13     | Noticed Lodul
 54424 | D:13     | Killed Lodul
 54542 | D:15     | Quit the game

Illustrated notes

Levels and vault maps discovered:
D:1:      matt_arrival_grand_opening, layout_basic, st_stairs_13,
          chequers_jeans, dreamdust_princess_bridge, hex_intersection
D:2:      minmay_roachtagon, layout_loops_ring, serial_shops, shop, uniq_jessica
D:3:      layout_rooms, mainiacjoe_overflow_brackets,
          ebering_ghost_reflecting_pool, serial_aquarium, aquarium_bridge_square
          [aquarium_subvault_bridge, aquarium_subvault_bridge,
          aquarium_subvault_wall, aquarium_subvault_window],
          aquarium_window_fake, aquarium_window_1, aquarium_view_2f,
          aquarium_view_2b, aquarium_pool_corner, hangedman_decor_push
D:4:      layout_cave_pods, cheibrodos_worm_habitat
D:5:      layout_loops_cross
D:6:      layout_cave_pods, mainiacjoe_overflow_catwalk_spiral,
          minmay_temple_entry_statues_fountains
D:7:      layout_basic, grunt_decor_clamped, nicolae_underground_beach,
          uniq_joseph
D:8:      layout_basic, grunt_temple_overflow_open,
          lightli_ossuary_entry_decrepit_ruins
D:9:      layout_irregular_city, uniq_harold
D:10:     layout_big_octagon, amcnicky_altar_gilded, dpeg_oklobed_lair,
          serial_shops, shop, nicolae_shop_bloodbath_and_beyond, kennysheep_mini
D:11:     layout_loops_corners
D:12:     layout_stronghold, orc_0_dummy, serial_shops, shop, shop,
          nicolae_shop_tiny_statue_garden, nicolae_shop_gibbet_a_chance
D:13:     cheibrodos_tormentor_scu, layout_cave_pods,
          lightli_vaults_fourway_checkpoint, minmay_crystal_box, uniq_lodul,
          uniq_jorgrun
D:14:     layout_cave_pools
D:15:     hangedman_spin_cycle
Lair:1:   layout_cave_pods, grunt_megastairs_1, lemuel_fruit_tree
Lair:2:   layout_regular_city, minmay_swamp_entry_reptiles, dummy_spider_entry
Lair:3:   layout_regular_city, lemuel_fruit_fields, uniq_fannar
Lair:4:   regret_index_wax_grids, layout_cave_pods, nicolae_lair_grazing_beasts
          [nicolae_sub_lair_graze_edge, nicolae_sub_lair_graze_edge,
          nicolae_sub_lair_graze_edge, nicolae_sub_lair_graze_edge],
          serial_bayou_shore_a
Lair:5:   grunt_lair_end_beastmaster, layout_cave_pods,
          nicolae_slime_entry_field_trip, gammafunk_ghost_berserking_beasts,
          portal_ice_cave_entry_imps, nicolae_volcano_entry_lava_flow,
          st_stairs_3, nicolae_quartered_pool_impasse
Swamp:1:  layout_falls_marsh, nicolae_swamp_feature_on_the_river_bank,
          nicolae_swamp_trees_clearing, swamp_pool3
Swamp:2:  layout_basic_swamp, nicolae_swamp_some_circles, swamp_pool4,
          nicolae_swamp_tree_designs
Swamp:3:  layout_basic_swamp, evilmike_swamp_ruin_house_5,
          nzn_swamp_blast_mining
Swamp:4:  swamp_icy, layout_basic_swamp
Orc:1:    layout_caves, basic_altar, serial_shops, nicolae_book_shop_shelving,
          uniq_erolcha, uniq_gastronok, uniq_urug
Orc:2:    st_orc_elflike, layout_diamond_mine, serial_shops,
          nicolae_square_shop, uniq_azrael
Vaults:1: nicolae_vaults_mini_display_case, v_pattern_4, nicolae_vaults_cochlea,
          nicolae_vaults_house_2, nicolae_vaults_trapezoid_layered,
          hangedman_vaults_stitches, nicolae_vaults_cochlea,
          grunt_vaults_hallway_short, nicolae_vaults_offset_grid_hallway_1,
          layout_vaults_omnigrid, serial_shops, shop, uniq_aizul
Depths:1: layout_cave_pools, fountainhead, grunt_mini_vestibule, eino_curves_01,
          kennysheep_big_empty_room, nicolae_titane, minmay_shop_grove,
          uniq_asterion
Depths:2: minmay_spiral_squares, layout_cave_shapes,
          minmay_misc_feat_nine_boxes, hell_entry,
          infiniplex_enter_wizlab_water, grunt_pan_entry_zigzag,
          serial_bayou_shore_b, uniq_vv

Skill      XL: |  1  2  3  4  5  6  7  8  9 10 11 12 13 14 15 16 17 18 19 20 21 |
---------------+----------------------------------------------------------------+-----
Axes           | 2 3 4 5 6 8 9 10 11 12 13 14 15 16 | 16.6
Stealth        | 1 2 3 4 5 6 7 8 10 11 12 13 14 15 16 | 16.0
Armour         | 3 4 5 6 7 8 9 10 11 12 13 | 13.0
Dodging        | 1 2 3 4 5 6 7 8 9 10 11 12 13 | 13.6
Fighting       | 4 5 6 7 8 9 10 11 12 13 14 15 | 15.9
Shields        | 3 4 5 6 7 8 9 10 11 | 11.8
Shapeshifting  | 1 2 3 4 5 6 7 8 9 10 | 10.3

Action                     |  1- 3 |  4- 6 |  7- 9 | 10-12 | 13-15 | 16-18 | 19-21 || total
---------------------------+-------+-------+-------+-------+-------+-------+-------++-------
  Melee: War axe           |   117 |   136 |   391 |   433 |  1021 |  1359 |  1015 ||  4472
 Invoke: Call Merchant     |       |       |       |       |     1 |       |       ||     1
    Use: Scroll            |       |     1 |    15 |     5 |     5 |     3 |    16 ||    45
         Potion            |       |       |       |       |       |       |     4 ||     4
   Stab: Sleeping          |     2 |     1 |     1 |     1 |    11 |    11 |       ||    27
         Distracted        |       |       |     2 |     2 |    10 |     9 |    12 ||    35
         Petrified         |       |       |       |       |     3 |       |       ||     3
 Armour: Scale mail        |    92 |    86 |       |       |       |       |       ||   178
         Chain mail        |       |    44 |    96 |       |       |       |       ||   140
         Plate armour      |       |       |   236 |   400 |  1527 |   433 |       ||  2596
         Crystal plate arm |       |       |       |       |       |  1749 |  1741 ||  3490
  Dodge: Dodged            |    89 |    67 |   148 |   243 |  1243 |  1791 |   692 ||  4273
  Block: Buckler           |    26 |    32 |    89 |   120 |   446 |   131 |       ||   844
         Kite shield       |       |       |       |       |       |  1327 |  1216 ||  2543

Table legend: (Time is in decaauts)
 A = Elapsed time spent in this place.
 B = Non-inter-level travel time spent in this place.
 C = Inter-level travel time spent in this place.
 D = Time resting spent in this place.
 E = Time spent auto-exploring this place.
 F = Levels seen in this place.
 G = Mean time per level.
                   A        B        C        D        E       F      G
               +--------+--------+--------+--------+--------+-----+--------+
         Total |  56121 |  53658 |   2463 |   9068 |  33079 |  33 | 1700.6 |
       Dungeon |  25578 |  23850 |   1728 |   1959 |  16751 |  15 | 1705.2 |
          Lair |   9557 |   9213 |    344 |      0 |   7635 |   5 | 1911.4 |
         Swamp |   5050 |   4905 |    145 |    415 |   3191 |   4 | 1262.5 |
  Orcish Mines |   1882 |   1784 |     98 |      0 |   1420 |   2 |  941.0 |
        Vaults |    134 |    127 |      7 |      0 |     52 |   1 |  134.0 |
        Depths |  12161 |  12022 |    139 |   6694 |   3525 |   2 | 6080.5 |
         Abyss |   1062 |   1062 |      0 |      0 |      0 |   3 |  354.0 |
       Ossuary |    695 |    695 |      0 |      0 |    503 |   1 |  695.0 |
               +--------+--------+--------+--------+--------+-----+--------+

Top non-repeatable levels by time:
Depths:2: 7896 daAuts
    D:13: 4342 daAuts
Depths:1: 4265 daAuts
    D:15: 3657 daAuts
  Lair:4: 2437 daAuts
  Lair:5: 2252 daAuts
  Lair:1: 1835 daAuts
    D:12: 1748 daAuts
    D:11: 1729 daAuts
    D:10: 1626 daAuts
     D:9: 1588 daAuts
  Lair:2: 1555 daAuts
     D:4: 1482 daAuts
  Lair:3: 1476 daAuts
 Swamp:4: 1449 daAuts
